 Dungeon Crawl Stone Soup version bcrawl-1.34.4 (webtiles) character file.

Game seed: 565551642353365219

193668 Corvidia the Skirmisher (level 4, -5/35 HPs)
             Began as a Demonspawn Fighter on Nov 2, 2021.
             Killed from afar by Sigmund (12 damage)
             ... with a puff of flame
             ... on level 2 of the Dungeon.
             The game lasted 00:01:39 (1129 turns).

Corvidia the Skirmisher (Demonspawn Fighter)        Turns: 1129, Time: 00:01:40

Health: -5/35      AC:  6    Str: 17    XL:     4   Next: 54%
Magic:  4/4        EV:  5    Int:  9    God:
Gold:   35         SH:  9    Dex: 13    Spells: 3/3 levels left

rFire    . . .     SeeInvis .   a - +0 long sword
rCold    . . .     Gourm    .   c - +0 medium shield
rNeg     . . .     Faith    .   b - +0 scale mail
rPois    .         Spirit   .   (no helmet)
rElec    .         Reflect  .   (no cloak)
rCorr    .         Harm     .   (no gloves)
MR       .....                  (no boots)
Stlth    ..........             (no amulet)
HPRegen  0.11/turn              (no ring)
MPRegen  0.09/turn              (no ring)

@: no status effects
A: hooves 1, spiny 1
a: no special abilities


You were on level 2 of the Dungeon.
You were hungry.

You visited 1 branch of the dungeon, and saw 2 of its levels.

You collected 35 gold pieces.

Inventory:

Hand Weapons
 a - a +0 long sword (weapon)
Armour
 b - a +0 scale mail (worn)
 c - a +0 medium shield (worn)
Wands
 m - a wand of digging (6)
Scrolls
 g - 4 scrolls of magic mapping {unknown}
 h - 2 scrolls of teleportation {unknown}
 i - a scroll of identify
 n - a scroll of remove curse {unknown}
 o - a scroll of enchant weapon {unknown}
Potions
 d - a potion of might
 f - a potion of brilliance {unknown}
 k - a potion of curing {unknown}
 l - 2 potions of haste {unknown}
 p - a potion of flight {unknown}
 q - a potion of magic {unknown}
Comestibles
 e - 2 rations {!d}


   Skills:
 + Level 3.4 Fighting
 - Level 2.1 Long Blades
 + Level 3.3 Armour
 + Level 0.8 Dodging
 + Level 1.0 Stealth
 + Level 3.3 Shields
 + Level 1.0 Unarmed Combat


You had 3 spell levels left.
You didn't know any spells.
Your spell library was empty.

Dungeon Overview and Level Annotations

Branches:
Dungeon (2/12)

Altars:

Annotations:
D:2 Sigmund


Innate Abilities, Weirdness & Mutations

You have large cloven feet.
You are partially covered in sharp spines.


Message History

You are feeling hungry.
You hit Sigmund. You kick Sigmund.
Sigmund is heavily wounded.
You block Sigmund's attack.
All of the chunks of flesh in your inventory have rotted away.
Your scale mail prevents you from hitting Sigmund.
Your kick misses Sigmund.
Sigmund is heavily wounded.
You barely miss Sigmund. You kick Sigmund, but do no damage.
Sigmund is heavily wounded.
You block Sigmund's attack.
You closely miss Sigmund. You kick Sigmund.
Sigmund is severely wounded.
Sigmund hits you with a +0 scythe!
* * * LOW HITPOINT WARNING * * *
You hit Sigmund. You kick Sigmund.
Sigmund is almost dead.
Sigmund points at you and mumbles some strange words.
The puff of flame hits you!
You die...

# #. # #. # #. .#
## #. #.# #. #.
#.# #. #. #.# #.
##.## #.# #.
#.@@####.# #.
#.###.....# #.
#.##..# #.
#.##..##########.
.###.....>.......
## #.############
#.# #.# #.#


You could see Sigmund.

Vanquished Creatures
  Jessica (D:2)
  2 adders (D:2)
  A gnoll (D:1)
  An ooze (D:2)
  A worm (D:2)
  A dart slug (D:1)
  5 leopard geckos (D:1)
  A giant cockroach (D:1)
  A goblin (D:1)
  3 hobgoblins
  5 jackals (D:1)
  A quokka (D:1)
  5 bats (D:1)
  6 frilled lizards
  6 kobolds
  2 rats
42 creatures vanquished.

Notes
Turn   | Place    | Note
-------+----------+-------------------------------------------
     0 | D:1      | Corvidia the Demonspawn Fighter began the quest for the
                  | Orb.
     0 | D:1      | Reached XP level 1. HP: 18/18 MP: 1/1
    66 | D:1      | Gained mutation: You are partially covered in sharp spines.
                  | [demonic ancestry]
    66 | D:1      | Reached XP level 2. HP: 22/24 MP: 2/2
   319 | D:1      | Gained mutation: You have large cloven feet. [demonic
                  | ancestry]
   319 | D:1      | Reached XP level 3. HP: 26/29 MP: 3/3
   798 | D:2      | Reached XP level 4. HP: 19/35 MP: 4/4
  1021 | D:2      | Noticed Jessica
  1030 | D:2      | Killed Jessica
  1031 | D:2      | Reached skill level 1 in Stealth
  1033 | D:2      | Reached skill level 1 in Unarmed Combat
  1116 | D:2      | Noticed Sigmund
  1129 | D:2      | Killed from afar by Sigmund

Skill      XL: |  1  2  3  4 |
---------------+-------------+-----
Long Blades    | 2 |  2.1
Armour         | 3 |  3.3
Shields        | 3 |  3.3
Stealth        | 1 |  1.0
Unarmed Combat | 1 |  1.0
Fighting       | |  3.4
Dodging        | |  0.8

Action                   |  1- 3 |  4- 6 || total
-------------------------+-------+-------++-------
Melee: Long sword        |    88 |    22 ||   110
       Kick              |     6 |     9 ||    15
  Eat: Chunk             |     2 |     2 ||     4
Armor: Scale mail        |    35 |     6 ||    41
Dodge: Dodged            |    16 |     2 ||    18
Block: Medium shield     |    54 |     9 ||    63
